[Event "Azerbaijan Men Championship 2024"]
[Site "Baku"]
[Date "2024.04.19"]
[Round "9.2"]
[White "Manafov, Vugar"]
[Black "Suleymanli, Aydin"]
[Result "0-1"]
[ECO "D50"]
[WhiteElo "2424"]
[BlackElo "2607"]
[Annotator "TA"]
[PlyCount "86"]
[EventDate "2024.04.11"]
[EventType "swiss"]
[EventCountry "AZE"]
[SourceTitle "playchess.com"]
[Source "ChessBase"]
[SourceQuality "1"]
[TimeControl "40/5400+30:1800+30"]

1. d4 Nf6 2. c4 e6 3. Nf3 d5 4. Nc3 c5 5. cxd5 cxd4 6. Qxd4 exd5 7. Bg5 Be7 8. e3 O-O 9. Rd1 Nc6 10. Qa4 Bb4 {[%emt 0:00:23] The position is equal.} 11. Bd3 h6 12. Bh4 g5 13. Bg3 Qa5 14. Qxa5 Bxa5 15. Ne5 Re8 16. Nxc6 bxc6 17. O-O Bxc3 18. bxc3 Ne4 19. Bxe4 Rxe4 20. Rd4 Bf5 21. Rfd1 Rae8 22. R1d2 R4e7 23. Rb2 Rd7 24. Ra4 Bd3 25. Ra5 Kh7 26. Rb4 Bc4 27. a3 f5 28. h3 Re6 29. Bb8 (29. Be5 $5) 29... a6 30. Rc5 (30. Be5 $5) 30... Rf7 31. Rb6 Rff6 32. Rb7+ Kg6 33. f4 (33. a4 $11) 33... Rxe3 $17 34. Be5 Re6 35. Kh2 (35. Rb6 $142) 35... Kh5 {[%emt 0:02:39] [#] Strongly threatening ...Re2.} 36. Rf7 $2 {[%emt 0:01:33][%mdl 8192] Loses the game.} (36. Rb6 $17 {keeps fighting.}) 36... Re2 {[%emt 0:01:12] aiming for ...Bd3.} 37. Kg1 $2 (37. Rxf5 Bd3 38. Rf6 Rxf6 39. Bxf6) 37... Bd3 $19 38. Rf6 Rxf6 39. Bxf6 Be4 $2 (39... Kh4 {mates} 40. Rxc6 Kg3 41. Re6 Rxe6 42. Be5 g4 (42... gxf4 {leads to mate.} 43. Bxf4+ Kxf4 44. Kh2 Re2 45. a4 Be4 46. Kg1 Rxg2+ 47. Kh1 Kg3 48. a5 Rh2+ 49. Kg1 Rh1#) 43. Kh1 Rb6 (43... gxh3 44. gxh3 Rb6 45. Bd4 Be4+ 46. Kg1 Rb1#) 44. Bd4 Rb1+ 45. Bg1 gxh3 46. gxh3 Be4#) 40. g4+ $2 {[%emt 0:00:00] [#]} (40. Kf1 $19 Rxg2 41. Rxc6) 40... fxg4 41. hxg4+ Kxg4 {[%emt 0:00:55] Black mates.} 42. fxg5 hxg5 43. c4 Kf3 {[%emt 0:00:20] Weighted Error Value: White=0.83/Black=0.20 (precise) .  Loses game:     	White=1     	---        Mistake:       	White=3     	---        Inaccurate:     	White=2     	---        OK:         	White=10    	Black=13     Best:        	---       	Black=1} 0-1

[Event "Azerbaijan Men Championship 2024"]
[Site "Baku"]
[Date "2024.04.19"]
[Round "9.3"]
[White "Rasulov, Vugar"]
[Black "Samadov, Read"]
[Result "1-0"]
[ECO "B30"]
[WhiteElo "2551"]
[BlackElo "2502"]
[Annotator "TA"]
[PlyCount "132"]
[EventDate "2024.04.11"]
[EventType "swiss"]
[EventCountry "AZE"]
[SourceTitle "playchess.com"]
[Source "ChessBase"]
[SourceQuality "1"]
[TimeControl "40/5400+30:1800+30"]

1. e4 c5 2. Nf3 d6 3. Bc4 Nf6 4. d3 Nc6 5. O-O g6 6. h3 Bg7 7. Nc3 O-O 8. a4 {[%emt 0:00:25] B30: Sicilian: 2...Nc6 3 Bb5, lines without ...g6.} b6 9. Bf4 $146 ({Predecessor:} 9. Nd5 Bb7 10. c3 Nxd5 11. Bxd5 e6 12. Ba2 d5 13. Bg5 Qd7 14. Qc1 d4 15. Rd1 Rae8 {0-1 Radjabov,T (2767)-Dubov,D (2676) Hamburg FIDE GP 2019 (1.7)}) 9... Bb7 10. Qd2 a6 11. Bh6 e6 12. Ba2 Rc8 13. Rfe1 Nd4 14. Nxd4 Bxh6 15. Qxh6 cxd4 16. Ne2 Rxc2 17. Nxd4 Rxb2 18. Bb3 d5 19. Qc1 Rxb3 20. Nxb3 dxe4 21. dxe4 Bxe4 22. Qe3 Bd5 23. Nd2 b5 24. a5 Qd6 25. Nf1 Rd8 26. Qd4 (26. Rad1 {simplifies} Ne4 27. Qxe4 Bxe4 28. Rxd6 Rxd6 29. Rxe4 Rd1 30. g3) 26... Qe7 27. Qh4 Kg7 28. Ne3 Qc7 29. Qb4 Kg8 (29... g5 $11) 30. Rac1 $18 Qd7 31. Qd4 Qe7 {[%emt 0:00:19] [#]} 32. Qe5 $1 Bc4 (32... Kg7 $142 33. Rc7 Qd6) 33. Nxc4 $18 bxc4 34. Rxc4 Nd5 35. Rb1 h5 $2 (35... Qd6 36. Qxd6 Rxd6 37. Rc8+ Kg7) 36. Rb8 $18 Rxb8 37. Qxb8+ Kh7 38. Qe5 (38. Rc6 $142) 38... Qd8 $2 (38... Qd7 {was necessary.} 39. Rc2 h4) 39. Rc1 Kh6 40. Rb1 (40. g3 $142) 40... Qxa5 $18 41. Rb8 (41. Rb7 Qc3 42. Qxc3 Nxc3 43. Rxf7 Nb5) 41... f6 42. Qxe6 Qa1+ 43. Kh2 Qd4 44. Qd6 (44. Qxa6 Qf4+ (44... Qxf2 45. Qd6 $14) 45. g3 Qxb8 $19) 44... h4 $2 (44... Qf4+ {is a better defense.} 45. Qxf4+ Nxf4) 45. Rd8 $18 (45. Qxa6 $2 {too greedy.} Qf4+ (45... Qxf2 46. Rb3 $11) 46. Kh1 Qxb8 $19) 45... Qf4+ 46. Qxf4+ Nxf4 47. Rd6 Kg7 (47... f5 $142 48. Kg1 (48. Rxa6 Nd3 $18) 48... Kg7 49. Rxa6 g5) 48. Rxa6 $18 g5 $2 (48... Nd3 49. Ra7+ Kg8) 49. g3 $18 hxg3+ $2 (49... Nd3 50. Kg2 hxg3) 50. Kxg3 $18 Kg6 $2 (50... f5 51. h4 Nh5+ 52. Kg2 g4) 51. h4 $18 Nh5+ 52. Kg4 gxh4 53. Kxh4 Ng7 54. Kg4 Nf5 55. Kf4 Nh6 56. Ra1 Kf7 57. Rb1 Kg6 58. f3 Kg7 59. Ke4 Kg6 60. Rh1 Kg7 61. f4 Kg6 62. Rg1+ Kf7 63. f5 Ke7 64. Rg7+ Kf8 65. Rg6 Ng8 66. Rxg8+ Kxg8 1-0

[Event "Azerbaijan Men Championship 2024"]
[Site "Baku"]
[Date "2024.04.19"]
[Round "9.4"]
[White "Babazada, Khazar"]
[Black "Hasanzade, Toghrul"]
[Result "1/2-1/2"]
[ECO "B45"]
[WhiteElo "2474"]
[BlackElo "2350"]
[Annotator "TA"]
[PlyCount "145"]
[EventDate "2024.04.11"]
[EventType "swiss"]
[EventCountry "AZE"]
[SourceTitle "playchess.com"]
[Source "ChessBase"]
[SourceQuality "1"]
[TimeControl "40/5400+30:1800+30"]

1. e4 c5 2. Nf3 e6 3. d4 cxd4 4. Nxd4 Nf6 5. Nc3 Nc6 6. Ndb5 Bc5 7. Bf4 O-O {[%emt 0:00:06] B45: Sicilian Four Knights.} 8. Bc7 Qe7 9. Bd6 Bxd6 10. Qxd6 Qd8 11. O-O-O a6 12. Nd4 Ne7 13. Qg3 b5 14. e5 Ne8 15. Ne4 Bb7 16. Nf6+ Nxf6 17. exf6 Ng6 18. fxg7 Re8 19. h4 Qf6 20. h5 Nf4 $146 ({Predecessor:} 20... Qf4+ 21. Qxf4 Nxf4 22. h6 Rac8 23. Rh4 e5 24. Nf5 Be4 25. Nd6 Rxc2+ 26. Kb1 Rd2+ 27. Kc1 Rc2+ 28. Kb1 Rd2+ 29. Kc1 Rc2+ {½-½ Guliyev,N (2529)-Maurizzi,M (2433) C'Chartres Blitz Showmatch 3 2020 (8)}) 21. Ne2 Bxg2 22. Rh4 Nxe2+ 23. Bxe2 Bd5 24. Kb1 h6 25. Rf4 Qe5 26. Bf3 Bxf3 27. Qxf3 f5 28. Rxd7 Rad8 {[%emt 0:00:52] [#]} 29. Rfd4 $1 Qxd4 30. Rxd4 Rxd4 31. c3 Rd5 (31... Rd6 $142 32. a4 Rb6) 32. Qg3 Rd7 (32... Re7 $16) 33. Qg6 $18 Rf7 34. Qxh6 Rxg7 35. Qf6 Ree7 36. Kc2 Rgf7 37. Qg6+ ({White should try} 37. Qg5+ $18 Rg7 38. Qf6) 37... Rg7 $16 38. Qf6 Rgf7 $1 39. Qg6+ $2 ({Better is} 39. Qg5+ $18 Rg7 40. Qh4) 39... Kf8 $2 (39... Rg7 $11 {and Black has nothing to worry.} 40. Qf6) 40. h6 a5 (40... e5 {was necessary.} 41. a4 (41. Qxa6 Kg8 $11) 41... f4 42. Qxa6 e4) 41. f4 $18 a4 42. a3 Rh7 43. Kd3 (43. b4 $18 {[%cal Oc3c4] aiming for c4!} axb3+ 44. Kxb3) 43... Rd7+ $16 44. Ke3 Rhf7 45. Ke2 (45. Qxe6 $2 Rde7 $19) 45... Rfe7 46. Qg5 (46. Kf2 $18) 46... Rf7 $16 47. Ke3 Rh7 48. Qf6+ Ke8 49. Kf2 (49. Qxe6+ $2 {too greedy.} Rde7 $19) 49... Rde7 50. Kf3 Kd7 51. Ke3 Kc6 52. Qf8 (52. c4 $16) 52... Rd7 $11 53. Qc8+ Kb6 $1 54. Qb8+ Kc6 $1 55. Qa8+ Kb6 {[%emt 0:00:07] [#]} 56. c4 (56. Qe8 $1 $14 Rd6 57. Qb8+ Kc5 58. Qc8+ (58. Qf8 Kc6 $16) 58... Kb6 59. Qb8+ Kc6 60. Qf8) 56... bxc4 $11 57. Qxa4 Rd3+ 58. Ke2 Rxh6 ({But not} 58... Rb3 $2 59. Qxc4 Rxb2+ 60. Kf3 $16) 59. Qb4+ Ka7 60. Qc5+ Kb7 61. Qb5+ Ka7 62. Qxc4 Rd5 63. Qc7+ Ka8 64. b4 Rh2+ 65. Ke1 Rh1+ 66. Kf2 Rhd1 67. Qc6+ Kb8 68. Qb6+ Ka8 69. b5 Rd6 70. Qc5 Kb7 71. a4 R1d2+ 72. Kg3 R2d5 73. Qb4 1/2-1/2

[Event "Azerbaijan Men Championship 2024"]
[Site "Baku"]
[Date "2024.04.19"]
[Round "9.5"]
[White "Iskandarov, Misratdin"]
[Black "Ibrahimli, Murad"]
[Result "0-1"]
[ECO "C77"]
[WhiteElo "2538"]
[BlackElo "2396"]
[Annotator "TA"]
[PlyCount "116"]
[EventDate "2024.04.11"]
[EventType "swiss"]
[EventCountry "AZE"]
[SourceTitle "playchess.com"]
[Source "ChessBase"]
[SourceQuality "1"]
[TimeControl "40/5400+30:1800+30"]

1. e4 e5 2. Nf3 Nc6 3. Bb5 a6 4. Ba4 Nf6 5. d3 b5 6. Bb3 Bc5 7. Nc3 {[%emt 0:00:10] 7.c3 is the modern continuation.} d6 {[%emt 0:00:53] C77: Ruy Lopez: 3...a6 4 Ba4 Nf6, unusual lines.} 8. Nd5 h6 9. c3 Rb8 10. O-O O-O 11. h3 Ba7 12. Re1 Re8 13. a4 b4 14. a5 bxc3 15. bxc3 Nxd5 16. Bxd5 Ne7 17. Ba2 $146 ({Predecessor:} 17. Bc4 Ng6 18. d4 Qf6 19. Qd3 exd4 20. cxd4 Nh4 21. Nxh4 Qxh4 22. Ra2 Rb4 23. Rae2 {1-0 Vachier Lagrave,M (2760)-Mamedyarov,S (2759) Zagreb SuperUnited Blitz 2022 (12)}) 17... Ng6 18. d4 Be6 19. Qd3 Bxa2 20. Rxa2 Qc8 21. Ree2 exd4 22. cxd4 c5 23. dxc5 Bxc5 24. Rac2 Rb5 25. Nd4 Rb1 26. Qc3 $1 Qb7 27. Nf5 f6 28. Qg3 (28. Qc4+ Kh7 29. Kh2 Rb5 $15) 28... Kh7 29. h4 Ne5 (29... Rxe4 30. h5 (30. Nxd6 $2 {loses.} Rxe2 31. Rxc5 Qb4 $19) 30... Bxf2+ 31. Kxf2 Rxe2+ 32. Rxe2 $18) 30. h5 Qf7 31. Qh3 Qb3 32. Qxb3 Rxb3 33. g3 Nd3 34. Be3 Re5 35. Kg2 Ra3 36. Bxc5 dxc5 37. Re3 Rb3 (37... Re6 $11 {remains equal.}) 38. g4 (38. f4 $16 Re8 39. Kf1) 38... Re8 $1 $11 39. Kg3 Reb8 40. f4 Re8 41. Nd6 Reb8 $1 42. Nf5 R8b4 43. Rd2 c4 44. Nd4 Nc5 (44... Rb1 $11 45. e5 fxe5 46. fxe5 Nxe5) 45. Kf3 $2 (45. Nxb3 $16 {is forced if you want to stay better.} cxb3 46. Rb2) 45... Rxe3+ (45... Rb1 $17 {Strongly threatening ...Nb3.} 46. e5 Rf1+ 47. Kg2 c3 (47... Rxf4 48. e6 $11) 48. Rxc3 Ne4 49. Kxf1 Nxd2+ 50. Ke2 Rxd4) 46. Kxe3 $11 c3 47. Rc2 Rc4 48. e5 fxe5 49. fxe5 Kg8 50. Rf2 {[%emt 0:01:53] [#]} (50. Nf5 $11 {keeps the balance.}) 50... Ne6 $1 $17 51. Ne2 c2 52. Kd2 $2 (52. Nc1 $17) 52... Rxg4 $19 53. Kxc2 Rg5 54. Rh2 Rxe5 55. Kd3 Rxa5 56. Rh1 Re5 57. Rh4 a5 58. Nc3 $2 (58. Rh2) 58... Rxh5 0-1

[Event "Azerbaijan Men Championship 2024"]
[Site "Baku"]
[Date "2024.04.19"]
[Round "9.6"]
[White "Hamidov, Allahverdi"]
[Black "Sadikhov, Ulvi"]
[Result "0-1"]
[ECO "A53"]
[WhiteElo "2091"]
[BlackElo "2497"]
[Annotator "TA"]
[PlyCount "80"]
[EventDate "2024.04.11"]
[EventType "swiss"]
[EventCountry "AZE"]
[SourceTitle "playchess.com"]
[Source "ChessBase"]
[SourceQuality "1"]
[TimeControl "40/5400+30:1800+30"]

1. d4 d6 2. c4 e5 3. d5 Nf6 4. Nc3 e4 5. g3 Bf5 6. Bg2 Nbd7 7. Nh3 h6 8. O-O {[%emt 0:01:55] White is slightly better.} Ne5 9. f3 exf3 10. exf3 Be7 11. Nf2 Qd7 12. b3 g5 (12... h5 $16) 13. Bb2 (13. f4 $18 gxf4 14. Bxf4) 13... h5 $16 14. Re1 Kf8 15. Nb5 a6 (15... h4 $16 16. g4 a6) 16. Nd4 $18 Re8 17. Qd2 Bg6 (17... g4 $142 18. f4 Nf3+ 19. Bxf3 (19. Nxf3 gxf3 20. Bxf3 Rh6 $18) 19... gxf3) 18. f4 (18. Qxg5 Ne4 19. Qe3 (19. Nxe4 $2 Bxg5 20. Nxg5 Nd3 $19) 19... Nxf2 20. Qxf2 Nd3 $11) 18... gxf4 19. gxf4 (19. Qxf4 h4 $16) 19... Neg4 20. Nh3 h4 (20... Rg8 {might work better.}) 21. f5 Bxf5 (21... Bh5 $16 22. Nf4 Ne5) 22. Rf1 $1 Bh7 23. Ng5 $1 Bg6 24. Bh3 {[%emt 0:11:33][%cal Od4e6] Hoping for Nde6+!} Rh5 25. Ne2 $2 (25. Rae1 $18 {is more deadly.}) 25... Kg7 (25... Nxd5 $2 26. Nxf7 Bxf7 27. cxd5 $18) (25... Bd8 $16 26. Bxf6 (26. Rxf6 Rxe2 $11) 26... Bxf6 27. Rxf6 Rxe2 28. Nh7+ (28. Qxe2 Rxg5 29. Bxg4 Rxg4+ 30. Kf1 Re4 $11) 28... Bxh7 29. Qxe2 Rg5) 26. Rf3 $2 (26. Rf2 $18) 26... Bd8 $1 $11 {[%emt 0:01:50][%cal Oe8e2] White must now prevent ...Rxe2! Chess con chili.} 27. Raf1 {[%emt 0:01:01] [#]} (27. Nxf7 $11 Bxf7 (27... Kxf7 28. Bxf6 Bxf6 29. Raf1 $11) 28. Nf4) 27... Rxe2 $1 $17 28. Qxe2 Rxg5 29. Qd2 Kh6 30. Bc1 {[%emt 0:00:36] [#]} Ne4 ({Black should play} 30... Nh7 $1 $17 {Strongly threatening ...Ne3+.} 31. Qd4 f5 32. Bxg5+ Bxg5) 31. Qg2 $2 {[%emt 0:00:22] [#]} (31. Qd4 $1 $11 {and White stays safe.} Ne5+ 32. Kh1) 31... Kh5 $1 $19 32. Bxg5 $2 (32. Rf4 $17 {was necessary.}) 32... Nxg5 {[%emt 0:00:16] Excellent horsemanship.} ({Not} 32... Bxg5 33. Qxg4+ Qxg4+ 34. Bxg4+ Kxg4 35. h3+ Kh5 36. Rxf7 $17) 33. Rf4 Nxh3+ 34. Qxh3 Bg5 35. R4f3 {[%emt 0:00:31] White is weak on the dark squares} (35. Qg2 $142) 35... Qe7 {[%emt 0:00:19] ...Qe5 is the strong threat. Black is clearly winning.} 36. Qg2 Be4 {[%emt 0:01:03] Threatens to win with ...Qe5.} 37. Qe2 Bxf3 38. Qxf3 Qe3+ 39. Qxe3 Bxe3+ ({Weaker is} 39... Nxe3 40. Rxf7 c5 41. dxc6 bxc6 42. Kf2 $17) 40. Kg2 Ne5 {[%emt 0:00:00] Quite a comeback for Black.   Weighted Error Value: White=0.86/Black=0.39.  Loses game:     	White=2     	---        Missed win:     	White=2     	---        Mistake:       	White=3     	Black=7      Inaccurate:     	White=3     	Black=1      OK:         	White=6     	Black=9      Best:        	White=3     	Black=2      Strong:       	White=2     	Black=2      Brilliant:      	---       	Black=1} 0-1

[Event "Azerbaijan Men Championship 2024"]
[Site "Baku"]
[Date "2024.04.19"]
[Round "9.7"]
[White "Ahmad, Khagan"]
[Black "Rustamov, Rustam"]
[Result "1-0"]
[ECO "A14"]
[WhiteElo "2321"]
[BlackElo "2261"]
[Annotator "TA"]
[PlyCount "121"]
[EventDate "2024.04.11"]
[EventType "swiss"]
[EventCountry "AZE"]
[SourceTitle "playchess.com"]
[Source "ChessBase"]
[SourceQuality "1"]
[TimeControl "40/5400+30:1800+30"]

1. Nf3 Nf6 2. g3 e6 3. Bg2 d5 4. O-O Be7 5. c4 O-O 6. b3 c5 7. cxd5 Nxd5 8. Bb2 Bf6 9. d4 cxd4 10. Nxd4 Nc6 11. Nxc6 bxc6 12. Bxf6 Qxf6 13. Nd2 Ba6 14. Qc2 (14. Ne4 $14 Qe5 15. Bf3) 14... Qc3 $11 15. Rfc1 Qxc2 16. Rxc2 Nb4 17. Rc3 Bxe2 18. a3 Nd5 19. Rxc6 Rfd8 20. Re1 Bd3 21. Rec1 h6 22. Nc4 Rab8 23. b4 Bxc4 24. R6xc4 g6 25. Rc5 Rb6 26. Ra5 Rd7 27. Bf3 Ne7 28. Rd1 Rxd1+ 29. Bxd1 {[%emt 0:03:18][%mdl 4096] Endgame. KRB-KRN} Nc6 30. Rc5 a5 31. b5 $14 {[%emt 0:06:26] White is more active.} Nd4 32. a4 Rd6 $1 33. Rc1 h5 34. Rb1 Rb6 35. f4 Kf8 36. Kf2 Ke7 37. Rc1 {[%emt 0:02:02] Threatens to win with Rc7+.} Rd6 38. Rc7+ Rd7 39. Rxd7+ $1 Kxd7 $16 {[%emt 0:00:02] KB-KN} 40. Ke3 Nf5+ 41. Ke4 Kd6 42. Bf3 f6 43. Bd1 (43. Kd3 $16) 43... Ne7 $1 $14 44. Kd4 Nc8 45. h4 f5 46. Bf3 {[%emt 0:01:15] Strongly threatening Bc6.} (46. Bc2 $5) 46... Nb6 47. Bc6 {[%emt 0:00:54] Black must now prevent Be8.} Nxa4 (47... Ke7 $1 $11) 48. Be8 $16 Nc5 49. Bxg6 a4 50. Bxh5 a3 {[%emt 0:02:35] [#] ( -> ...a2)} 51. Kc3 $1 {[%emt 0:00:02] Hoping for Be8.} Ne4+ $2 (51... Na4+ $16 52. Kb3 a2 53. Kxa2 (53. Kxa4 a1=Q+ 54. Kb3 Qb1+ 55. Kc3 Qe1+ 56. Kd3 Qxg3+ 57. Ke2 Qh2+ 58. Kf3 Qh3+ 59. Ke2 Qxh4 $19) 53... Nc3+ 54. Kb3 Nxb5) 52. Kb3 $18 Nxg3 {[%emt 0:00:14] [#]} 53. Be8 $1 e5 54. h5 $2 (54. Kxa3 exf4 55. h5 f3 $11) (54. fxe5+ Kxe5 55. b6 (55. Kxa3 Ke6 $18)) 54... e4 55. h6 $1 {[%emt 0:01:06][%cal Oh6h7] White wants to mate with h7!} (55. Kxa3 e3 56. h6 e2 $11) 55... e3 $2 (55... a2 $18 56. Kxa2 e3) 56. h7 $1 (56. Kxa3 e2 57. h7 e1=Q $11) 56... e2 57. h8=Q (57. h8=B e1=Q (57... e1=R 58. Be5+ Kc5 59. Kxa3 $15) 58. Bc6 Kc5 59. Bg7 Qb4+ 60. Kc2 Kc4 (60... Qxf4 61. Bf6 Qc4+ 62. Kd2 Qe2+ 63. Kc3 Qb2+ 64. Kd3 Qxf6 65. Ke3 a2 66. Kf2 a1=Q 67. Bf3 Qf1+ 68. Kxg3 Qg1+ 69. Bg2 Qg5+ 70. Kh3 Q1xg2#) (60... Qxf4 {is a self mate.} 61. Bd5 Kxd5 62. Kb3 Qe4 63. Bh8 Qb1+ 64. Kxa3 Ne4 65. Bg7 Kc4 66. Bb2 Nc3 67. Bxc3 Qb3#)) 57... e1=Q 58. Qd4+ (58. Kxa3 Qc1+ 59. Ka4 Qxf4+ 60. Ka5 Qd2+ 61. Ka6 Ne4 $14) 58... Kc7 59. Qd7+ Kb8 60. Qd8+ Ka7 61. Qc7+ 1-0

[Event "Azerbaijan Men Championship 2024"]
[Site "Baku"]
[Date "2024.04.19"]
[Round "9.8"]
[White "Guliyev, Namig"]
[Black "Sevdimaliyev, Urfan"]
[Result "1-0"]
[ECO "B72"]
[WhiteElo "2509"]
[BlackElo "2320"]
[Annotator "TA"]
[PlyCount "102"]
[EventDate "2024.04.11"]
[EventType "swiss"]
[EventCountry "AZE"]
[SourceTitle "playchess.com"]
[Source "ChessBase"]
[SourceQuality "1"]
[TimeControl "40/5400+30:1800+30"]

1. e4 c5 2. Nf3 Nc6 3. d4 cxd4 4. Nxd4 g6 5. Nc3 Bg7 6. Be3 Nf6 7. Bc4 O-O 8. Bb3 d6 9. h3 Bd7 10. O-O Nxd4 11. Bxd4 Bc6 12. Qd3 Nd7 {[%emt 0:04:16] B72: Sicilian Dragon: 6 Be3, lines with h3+Bc4 and sidelines.} 13. Rfe1 (13. Bxg7 $5) 13... Bxd4 14. Qxd4 Qa5 (14... Qb6 {simplifies} 15. Qxb6 Nxb6 16. Nd5 Bxd5 17. exd5 Rfe8) 15. Nd5 Rfe8 16. Rad1 $146 ({Predecessor:} 16. h4 Bxd5 17. exd5 Qc5 18. Qf4 h5 19. Re3 Ne5 20. Rae1 Rac8 21. c3 {½-½ Yu,S (2522)-Cheparinov,I (2450) Linares Anibal op 09th 2002 (9)}) 16... Rad8 17. c3 Qc5 18. Qd2 e6 19. Nf4 (19. Nc7 Re7 20. Qxd6 Qxd6 21. Rxd6 Rc8 22. Nxe6 fxe6 23. Bxe6+ Kf8 $16) 19... Qg5 20. g3 (20. Qxd6 $2 {perishes.} Ne5 21. h4 Qxf4 $19) 20... Ne5 21. Qe3 Qf6 22. Kg2 b6 23. Ne2 Bb7 24. Nd4 d5 25. f4 Nc4 26. Bxc4 dxc4 27. Nf3 Qe7 28. Kf2 Qc7 29. g4 Qc6 (29... Rd3 $14 30. Rxd3 cxd3) 30. Rd4 (30. Ne5 $16 Qa4 31. Rd4) 30... Rxd4 (30... Qc7 $14) 31. Qxd4 $16 ({Reject} 31. cxd4 b5 $11) 31... Qc7 {[%emt 0:00:21] [#]} 32. Qf6 $1 Qd6 (32... Bc6 $16 {was called for.} 33. Ne5 Rd8) 33. Re2 (33. Ne5 $18 Rf8 34. g5 (34. Nxc4 Qd3 $11)) 33... Qc5+ 34. Kg3 Qe7 35. g5 Qxf6 (35... h5 $16 {might work better.}) 36. gxf6 $18 h6 37. h4 Rd8 38. Rd2 Rxd2 $2 (38... Rd3 $16) 39. Nxd2 $18 b5 40. Kf3 Kh7 41. Ke3 e5 42. a4 bxa4 $2 (42... exf4+ 43. Kxf4 a6) 43. Nxc4 $18 exf4+ 44. Kxf4 Kg8 45. Nd6 Bc6 46. c4 Kf8 47. c5 Bd7 48. Ke5 g5 49. h5 a6 50. Kd5 g4 {[%emt 0:00:46] [#]} 51. Kd4 $1 g3 1-0

[Event "Azerbaijan Men Championship 2024"]
[Site "Baku"]
[Date "2024.04.19"]
[Round "9.9"]
[White "Aslanov, Umid"]
[Black "Suleymanli, Suleyman"]
[Result "1/2-1/2"]
[ECO "D27"]
[WhiteElo "2239"]
[BlackElo "2246"]
[Annotator "TA"]
[PlyCount "82"]
[EventDate "2024.04.11"]
[EventType "swiss"]
[EventCountry "AZE"]
[SourceTitle "playchess.com"]
[Source "ChessBase"]
[SourceQuality "1"]
[TimeControl "40/5400+30:1800+30"]

1. Nf3 d5 2. d4 Nf6 3. e3 e6 4. c4 dxc4 5. Bxc4 c5 6. O-O a6 7. a4 Nc6 8. Nc3 Be7 9. dxc5 O-O 10. Qxd8 Rxd8 11. b3 Bxc5 {[%emt 0:00:29] Black is slightly better.} 12. Bb2 b6 13. Rfd1 {[%emt 0:01:18] The position is equal.} Bb7 14. Rxd8+ Rxd8 15. Be2 Na5 16. Rd1 Rxd1+ 17. Bxd1 Nc6 18. Be2 Na5 19. Bd1 Nc6 20. Be2 Na5 21. Nd2 Nd5 22. Nxd5 Bxd5 23. Bxa6 Nxb3 24. Nxb3 Bxb3 $11 {[%emt 0:00:02][%mdl 4096] Endgame. KBB-KBB} 25. Bb5 f6 26. Kf1 Bd5 27. Bd3 Bb3 28. Bb5 Bd5 29. Bd3 e5 30. e4 Bb3 31. Bb5 Kf8 32. Bc3 Ke7 33. a5 bxa5 34. Bxa5 Bc2 35. f3 Bb3 36. Ke2 Kd6 37. Bd2 Be6 38. Ba5 Bd4 39. Bb4+ Bc5 40. Ba5 Bd4 41. Bb4+ Bc5 {[%emt 1:51:51] Weighted Error Value: White=0.04 (flawless) /Black=0.03 (flawless) .  Inaccurate:     	---       	Black=1      OK:         	White=16    	Black=9      Best:        	White=2     	---} 1/2-1/2